 Dungeon Crawl Stone Soup version 0.31-a0-692-gf03d1854d5 (webtiles) character file.

Game seed: 10295303548072362076

4015 qw the Skirmisher (level 10, -12/64 HPs)
             Began as a Gargoyle Hunter on Sept 6, 2023.
             Was an Initiate of Okawaru.
             Killed from afar by Erica (27 damage)
             ... with a lance of force
             ... on level 9 of the Dungeon.
             The game lasted 00:03:28 (8151 turns).

qw the Skirmisher (Gargoyle Hunter)                 Turns: 8151, Time: 00:03:29

Health: -12/64     AC: 16    Str: 15    XL:     10   Next: 23%
Magic:  13/13      EV: 16    Int: 10    God:    Okawaru [......]
Gold:   400        SH:  0    Dex: 17    Spells: 9/9 levels left

rFire   . . .        Y - +2 shortbow
rCold   . . .        (shield currently unavailable)
rNeg    + . .        b - +0 steam dragon scales
rPois   inf          c - +0 helmet
rElec   +            (no cloak)
rCorr   +            (no gloves)
SInv    .            f - +0 pair of boots
Will    .....        (no amulet)
Stlth   +++          k - ring of resist corrosion
HPRegen 0.30/turn    (no ring)
MPRegen 0.13/turn

%: no passive effects
@: about to teleport, heroic, slowed, very slow
A: sickness immunity, AC +7, negative energy resistance 1, electricity
resistance, torment resistance 1, petrification resistance
a: Renounce Religion


You were on level 9 of the Dungeon.
You worshipped Okawaru.
Okawaru was noncommittal.
You visited 2 branches of the dungeon, and saw 10 of its levels.

You collected 400 gold pieces.


Innate Abilities, Weirdness & Mutations

You are immune to sickness and miasma.
Your stone body is resilient. (AC +7)
You are immune to poison.
You resist negative energy. (rN+)
You are resistant to electric shocks. (rElec)
You are resistant to unholy torment.
You are immune to petrification.


   Skills:
 - Level 8.1(13.1) Fighting
 + Level 11.8(16.8) Ranged Weapons
 - Level 3.2(8.2) Armour
 - Level 3.0(8.0) Dodging
 - Level 1.1(6.1) Stealth
 - Level 4.0 Invocations


You had 9 spell levels left.
You didn't know any spells.
Your spell library was empty.

Inventory:

Hand Weapons
 Y - a +2 shortbow (weapon)
Armour
 b - +0 steam dragon scales (worn)
 c - a +0 helmet (worn)
 f - a +0 pair of boots (worn)
Jewellery
 i - a ring of ice
 k - a ring of resist corrosion (left hand)
Scrolls
 j - 2 scrolls of identify
Potions
 a - a potion of might
 g - a potion of curing
 h - 5 potions of mutation

Dungeon Overview and Level Annotations

Branches:
Dungeon (9/15)             Temple (1/1) D:5
   Lair: D:8-11         Orc: D:9-12

Altars:
Ashenzari
Cheibriados
Dithmenos
Elyvilon
Fedhas
Gozag
Hepliaklqana
Kikubaaqudgha
Makhleb
Nemelex Xobeh
Okawaru
Qazlal
Ru
Sif Muna
Trog
Uskayaw
Vehumet
Wu Jian
Yredelemnul
Zin
The Shining One

Shops:
D:2 :

Annotations:
D:9 Erica, Pikel


Message History

You shoot an arrow. The arrow barely misses Erica.
Erica hits you with a +1 scimitar of flaming!
Erica burns you.
You shoot an arrow. The arrow hits Erica.
Erica is moderately wounded.
Erica hits you with a +1 scimitar of flaming.
Erica burns you.
You shoot an arrow. The arrow closely misses Erica.
Erica hits you with a +1 scimitar of flaming!
Erica burns you.
You shoot an arrow. The arrow hits Erica!
Erica is moderately wounded.
Erica gestures at you while chanting. You resist with significant effort.
Erica misses you.
You shoot an arrow. The arrow hits Erica!
Erica is heavily wounded.
Erica barely misses you.
You shoot an arrow. The arrow hits Erica!
Erica is heavily wounded.
Erica gestures at you while chanting. You resist with significant effort.
You shoot an arrow. The arrow closely misses Erica.
Erica hits you but does no damage.
You shoot an arrow. The arrow closely misses Erica.
Erica hits you with a +1 scimitar of flaming!
Erica burns you.
8149 ||| READING scroll of teleportation.
As you read the scroll of teleportation, it crumbles to dust.
You feel strangely unstable. Erica misses you.
You shoot an arrow. The arrow hits Erica.
Erica is heavily wounded.
Erica hits you but does no damage.
You shoot an arrow.
The arrow hits Erica but does no damage.
Erica is heavily wounded.
Erica casts a spell at you. The lance of force hits you!!
You die...
Erica begins laughing uncontrollably.

....... ###........
..... ............ .[...
............. .....
............. ...#
......# #.<..## #...#
.....# #....###....###
.....# #..............
<....## ##......@@......
##....###...............
#......................
##......................
...........###..........
...........# #..........
...........###..........
..................###...
..................# ..


You could see Erica.

Vanquished Creatures
  Maggie (D:7)
  A hornet (D:9)
  Grinder (D:3)
  A troll (D:8)
  Prince Ribbit (D:7)
  A wyvern (D:8)
  2 yaks (D:8)
  3 water moccasins
  An ice beast (D:6)
  An orc warrior (D:7)
  An ogre (D:7)
  A centaur (D:8)
  2 lemures (D:8)
  2 phantoms
  3 bullfrogs
  Blork the orc (D:5)
  A gnoll sergeant (D:6)
  4 wights (D:7)
  4 killer bees (D:8)
  2 electric eels (D:7)
  2 howler monkeys (D:8)
  4 hounds
  2 jellies
  2 orc priests
  An iguana (D:5)
  Terence (D:3)
  Jessica (D:3)
  Natasha (D:3)
  9 orc wizards
  8 gnolls
  5 adders
  A white imp (D:8)
  3 worms
  3 dart slugs
  18 orcs
  4 ball pythons
  10 endoplasms
  2 giant cockroaches
  7 goblins
  10 hobgoblins
  10 jackals
  2 quokkas (D:1)
  4 bats
  7 frilled lizards
  12 kobolds
  4 rats
167 creatures vanquished.

Vanquished Creatures (others)
  An orc (D:7)
1 creature vanquished.

Grand Total: 168 creatures vanquished

Notes
Turn   | Place    | Note
-------+----------+-------------------------------------------
     0 | D:1      | qw the Gargoyle Hunter began the quest for the Orb.
     0 | D:1      | Reached XP level 1. HP: 12/12 MP: 1/1
     0 | D:1      | 0 ||| qw: Version: 0.3-a-76-g4403597
     0 | D:1      | 0 ||| qw: Game counter: 224
     0 | D:1      | 0 ||| qw: Melee chars always use a shield: true
     0 | D:1      | 0 ||| qw: God list: Okawaru
     0 | D:1      | 0 ||| qw: Allow faded altars: false
     0 | D:1      | 0 ||| qw: Do Orc after clearing Dungeon:15 true
     0 | D:1      | 0 ||| qw: Do second Lair branch before Depths: true
     0 | D:1      | 0 ||| qw: Lair rune preference: random
     0 | D:1      | 0 ||| qw: Goals: Normal
     0 | D:1      | 0 ||| PLANNING D:1-11
     8 | D:1      | HP: 3/12 [goblin/+0 dagger (3)]
    64 | D:1      | Reached XP level 2. HP: 17/17 MP: 2/2
   226 | D:1      | You fall into a shaft and drop 1 floor!
   407 | D:2      | Reached XP level 3. HP: 21/21 MP: 3/3
   407 | D:2      | 407 ||| UPGRADING to +0 pair of boots.
   412 | D:2      | 412 ||| DROPPING ring of flight.
   413 | D:2      | 413 ||| READING scroll labelled TURCHEO EPOKHLIA.
   414 | D:2      | 414 ||| READING 2 scrolls labelled CICURHIU ZEAN.
   415 | D:2      | 415 ||| DROPPING scroll of butterflies.
   416 | D:2      | 416 ||| DROPPING scroll of fear.
   515 | D:1      | Reached skill level 5 in Ranged Weapons
   790 | D:1      | 790 ||| READING 2 scrolls labelled SAOCHE FITZ.
   791 | D:1      | 791 ||| DRINKING 2 white potions.
   792 | D:1      | 792 ||| DROPPING scroll of revelation.
   988 | D:2      | Reached skill level 3 in Fighting
  1044 | D:2      | Reached XP level 4. HP: 28/28 MP: 4/4
  1087 | D:2      | Found Ixteofop's Book Shop.
  1351 | D:2      | 1351 ||| UPGRADING to +0 ring mail.
  1361 | D:2      | 1361 ||| DROPPING +0 leather armour.
  1362 | D:2      | 1362 ||| UPGRADING to +1 hat.
  1367 | D:2      | 1367 ||| READING scroll labelled VON SOAXKICRON.
  1368 | D:2      | 1368 ||| READING scroll labelled LYOSKU ILAU.
  1411 | D:3      | Noticed Jessica
  1412 | D:3      | 1412 ||| STAIRDANCE
  1418 | D:3      | 1418 ||| STAIRDANCE
  1453 | D:3      | 1453 ||| RETREATING.
  1457 | D:3      | 1457 ||| Stepping ~*~*~tactically~*~*~ (retreating).
  1464 | D:3      | Killed Jessica
  1465 | D:3      | Reached skill level 1 in Armour
  1475 | D:3      | 1475 ||| DRINKING potion of curing.
  1475 | D:3      | 1475 ||| (to cure confusion)
  1501 | D:3      | Reached XP level 5. HP: 23/32 MP: 5/5
  1743 | D:3      | Found a faded altar of an unknown god.
  1850 | D:3      | Found a glowing golden altar of the Shining One.
  2019 | D:3      | Noticed Grinder
  2032 | D:3      | 2032 ||| FLEEEEING.
  2034 | D:3      | 2034 ||| STAIRDANCE
  2079 | D:2      | 2079 ||| READING scroll labelled HETYCZEORPH.
  2080 | D:2      | 2080 ||| DRINKING 2 lumpy green potions.
  2081 | D:2      | 2081 ||| READING 2 scrolls of identify.
  2081 | D:2      | 2081 ||| IDENTIFYING blue potion
  2094 | D:3      | Paralysed by Grinder for 2 turns
  2096 | D:3      | Killed Grinder
  2097 | D:3      | Reached skill level 7 in Ranged Weapons
  2097 | D:3      | Reached XP level 6. HP: 33/37 MP: 6/6
  2112 | D:3      | Noticed Terence
  2135 | D:3      | Killed Terence
  2202 | D:3      | Noticed Natasha
  2218 | D:3      | Killed Natasha
  2608 | D:4      | 2608 ||| FLEEEEING.
  2609 | D:4      | 2609 ||| FLEEEEING.
  2610 | D:4      | 2610 ||| FLEEEEING.
  2611 | D:4      | 2611 ||| FLEEEEING.
  2612 | D:4      | 2612 ||| FLEEEEING.
  2613 | D:4      | 2613 ||| FLEEEEING.
  2614 | D:4      | 2614 ||| FLEEEEING.
  2615 | D:4      | 2615 ||| FLEEEEING.
  2616 | D:4      | 2616 ||| FLEEEEING.
  2617 | D:4      | 2617 ||| FLEEEEING.
  2618 | D:4      | 2618 ||| FLEEEEING.
  2619 | D:4      | 2619 ||| FLEEEEING.
  2620 | D:4      | 2620 ||| FLEEEEING.
  2621 | D:4      | 2621 ||| FLEEEEING.
  2622 | D:4      | 2622 ||| FLEEEEING.
  2623 | D:4      | 2623 ||| FLEEEEING.
  2624 | D:4      | 2624 ||| FLEEEEING.
  2625 | D:4      | 2625 ||| FLEEEEING.
  2636 | D:4      | Reached XP level 7. HP: 35/43 MP: 7/7
  2636 | D:4      | 2636 ||| FLEEEEING.
  2637 | D:4      | 2637 ||| FLEEEEING.
  2638 | D:4      | 2638 ||| FLEEEEING.
  2639 | D:4      | 2639 ||| FLEEEEING.
  2640 | D:4      | 2640 ||| FLEEEEING.
  2641 | D:4      | 2641 ||| FLEEEEING.
  2642 | D:4      | 2642 ||| FLEEEEING.
  2643 | D:4      | 2643 ||| FLEEEEING.
  2644 | D:4      | 2644 ||| FLEEEEING.
  2645 | D:4      | 2645 ||| FLEEEEING.
  2650 | D:4      | 2650 ||| STAIRDANCE
  2862 | D:4      | Found a shadowy altar of Dithmenos.
  3041 | D:4      | 3041 ||| READING scroll labelled JIS TOYGRA.
  3058 | D:5      | Entered Level 5 of the Dungeon
  3068 | D:5      | Reached skill level 8 in Ranged Weapons
  3122 | D:5      | Noticed Blork the orc
  3129 | D:5      | Killed Blork the orc
  3539 | D:5      | Reached XP level 8. HP: 38/50 MP: 8/8
  3595 | D:5      | Found a sacrificial altar of Ru.
  4091 | D:5      | Found a staircase to the Ecumenical Temple.
  4092 | D:5      | 4092 ||| PLANNING TEMPLE
  4092 | D:5      | 4092 ||| UPGRADING to ring of resist corrosion.
  4093 | D:5      | 4093 ||| READING scroll labelled ECYSEL AMNOGA.
  4094 | D:5      | 4094 ||| READING 5 scrolls labelled QIPREU OCIQO.
  4098 | D:5      | 4098 ||| READING scroll labelled APESOSTR LOLIQA.
  4099 | D:5      | 4099 ||| READING 3 scrolls of identify.
  4099 | D:5      | 4099 ||| IDENTIFYING coppery potion
  4100 | D:5      | 4100 ||| DROPPING potion of berserk rage.
  4200 | Temple   | Entered the Ecumenical Temple
  4201 | Temple   | 4201 ||| PLANNING OKAWARU WORSHIP
  4208 | Temple   | Became a worshipper of Warmaster Okawaru
  4209 | Temple   | 4209 ||| PLANNING D:1-11
  4272 | D:6      | 4272 ||| PLANNING SEWER
  4516 | D:6      | Found an ancient bone altar of Kikubaaqudgha.
  4997 | D:6      | 4997 ||| RIP SEWER
  4998 | D:6      | 4998 ||| PLANNING D:1-11
  5008 | D:6      | Reached skill level 9 in Ranged Weapons
  5047 | D:6      | 5047 ||| READING scroll of enchant weapon.
  5047 | D:6      | 5047 ||| ENCHANTING +1 shortbow.
  5105 | D:6      | 5105 ||| READING scroll labelled VYHIPT CICVAPAK.
  5106 | D:6      | 5106 ||| READING 3 scrolls of identify.
  5106 | D:6      | 5106 ||| IDENTIFYING lumpy blue potion
  5107 | D:6      | 5107 ||| READING 2 scrolls of identify.
  5107 | D:6      | 5107 ||| IDENTIFYING brown potion
  5108 | D:6      | 5108 ||| DROPPING potion of lignification.
  5139 | D:7      | 5139 ||| STAIRDANCE
  5184 | D:7      | 5184 ||| STAIRDANCE
  5205 | D:7      | 5205 ||| STAIRDANCE
  5249 | D:7      | 5249 ||| STAIRDANCE
  5254 | D:6      | Reached skill level 6 in Fighting
  5266 | D:7      | 5266 ||| STAIRDANCE
  5420 | D:7      | Reached * piety under Okawaru
  5423 | D:7      | 5423 ||| INVOKING Heroism.
  5588 | D:7      | Reached skill level 10 in Ranged Weapons
  5612 | D:7      | Reached skill level 1 in Invocations
  5612 | D:7      | Reached XP level 9. HP: 47/56 MP: 8/10
  5825 | D:7      | 5825 ||| FLEEEEING.
  5947 | D:7      | 5947 ||| Stepping ~*~*~tactically~*~*~ (outnumbered).
  5948 | D:7      | 5948 ||| INVOKING Heroism.
  5957 | D:7      | Reached skill level 3 in Invocations
  5972 | D:7      | 5972 ||| INVOKING Heroism.
  5983 | D:7      | HP: 10/57 [orc priest/divine providence (13)]
  5984 | D:7      | 5984 ||| READING 4 scrolls of teleportation.
  5985 | D:7      | 5985 ||| DRINKING 2 potions of heal wounds.
  6111 | D:7      | 6111 ||| INVOKING Heroism.
  6177 | D:7      | Noticed Prince Ribbit
  6178 | D:7      | 6178 ||| INVOKING Heroism.
  6197 | D:7      | Killed Prince Ribbit
  6261 | D:7      | Noticed Maggie
  6263 | D:7      | 6263 ||| FLEEEEING.
  6267 | D:7      | 6267 ||| FLEEEEING.
  6269 | D:7      | 6269 ||| INVOKING Heroism.
  6276 | D:7      | HP: 13/57 [Maggie/bolt of fire (16)]
  6277 | D:7      | 6277 ||| READING 3 scrolls of teleportation.
  6278 | D:7      | 6278 ||| DRINKING potion of heal wounds.
  6408 | D:7      | Killed Maggie
  6409 | D:7      | Reached skill level 11 in Ranged Weapons
  6452 | D:7      | 6452 ||| INVOKING Heroism.
  6595 | D:7      | 6595 ||| UPGRADING to +0 steam dragon scales.
  6605 | D:7      | 6605 ||| UPGRADING to +0 helmet.
  6615 | D:7      | 6615 ||| DROPPING +0 ring mail.
  6616 | D:7      | 6616 ||| DROPPING +1 hat.
  6671 | D:8      | 6671 ||| STAIRDANCE
  6789 | D:8      | Found a blossoming altar of Fedhas.
  6842 | D:8      | Reached skill level 3 in Dodging
  6883 | D:8      | 6883 ||| INVOKING Heroism.
  7020 | D:8      | Found a flagged portal.
  7109 | D:8      | 7109 ||| RETREATING.
  7112 | D:8      | 7112 ||| Stepping ~*~*~tactically~*~*~ (retreating).
  7113 | D:8      | 7113 ||| Stepping ~*~*~tactically~*~*~ (retreating).
  7115 | D:8      | Reached skill level 3 in Armour
  7354 | D:8      | 7354 ||| INVOKING Heroism.
  7364 | D:8      | Reached XP level 10. HP: 37/64 MP: 10/13
  7475 | D:8      | 7475 ||| READING scroll labelled KIACSOAMUG.
  7605 | D:9      | Noticed Pikel
  7608 | D:9      | 7608 ||| STAIRDANCE
  7614 | D:8      | 7614 ||| INVOKING Heroism.
  7685 | D:9      | 7685 ||| STAIRDANCE
  7688 | D:8      | 7688 ||| INVOKING Heroism.
  7704 | D:8      | HP: 6/64 [yak (12)]
  7705 | D:8      | 7705 ||| READING 2 scrolls of teleportation.
  7706 | D:8      | 7706 ||| DRINKING potion of heal wounds.
  7868 | D:9      | 7868 ||| STAIRDANCE
  7977 | D:9      | 7977 ||| INVOKING Heroism.
  7980 | D:9      | 7980 ||| STAIRDANCE
  8130 | D:9      | Noticed Erica
  8131 | D:9      | 8131 ||| INVOKING Heroism.
  8148 | D:9      | HP: 14/64 [Erica/+1 scimitar of flaming (5)]
  8149 | D:9      | 8149 ||| READING scroll of teleportation.
  8151 | D:9      | Killed from afar by Erica

Levels and vault maps discovered:
D:1:      roderic_crossed_star, layout_basic, minmay_misc_feat_five
D:2:      layout_loops_ring, serial_shops, shop, serial_bayou_lagoon_b
D:3:      layout_loops_ring, nicolae_tso_swordbearing_angel,
          basic_ecumenical_altar, uniq_terence, uniq_grinder, uniq_jessica,
          uniq_natasha
D:4:      layout_cave_pools, mainiacjoe_overflow_chevrons,
          minmay_misc_feat_roman, grunt_decor_junction, minmay_misc_feat_pillars
D:5:      layout_basic, mainiacjoe_overflow_tiny_flanked,
          minmay_temple_entry_fiery, uniq_blork_the_orc
D:6:      layout_basic, old_standard_altar, portal_sewer_entry_d
D:7:      layout_loops_ring, serial_bayou_ford_a, uniq_maggie,
          uniq_prince_ribbit1
D:8:      layout_loops_ring, mainiacjoe_overflow_24_doors, enter_bailey_3
D:9:      layout_big_octagon, serial_shops, shop_statue, uniq_erica, uniq_pikel
Temple:   compressed_dpeg_triangle_lava_temple

Skill      XL: |  1  2  3  4  5  6  7  8  9 |
---------------+----------------------------+-----
Ranged Weapons | 5 7 8 10 11 | 11.8
Fighting       | 3 4 5 6 8 |  8.1
Armour         | 1 2 3 |  3.2
Dodging        | 2 3 |  3.0
Invocations    | 1 4 |  4.0
Stealth        | |  1.1

Action                     |  1- 3 |  4- 6 |  7- 9 | 10-12 || total
---------------------------+-------+-------+-------+-------++-------
   Fire: Shortbow          |   105 |   168 |   516 |    72 ||   861
 Invoke: Heroism           |       |       |     9 |     4 ||    13
    Use: Scroll            |     3 |     4 |    11 |     3 ||    21
         Potion            |     1 |     2 |     2 |     1 ||     6
 Armour: Leather armour    |    21 |       |       |       ||    21
         Ring mail         |       |   146 |   197 |       ||   343
         Steam dragon scal |       |       |    19 |    52 ||    71
  Dodge: Dodged            |    12 |    94 |   153 |    38 ||   297

Table legend:
 A = Non-vault XP
 B = Vault XP
 C = Vault XP percentage of total XP
 D = Non-vault monster count
 E = Vault monster count
 F = Vault count percentage of total count
                 A         B        C        D         E       F
            +---------+---------+-------+---------+---------+-------
      Total |    4558 |    1178 |  20.5 |     153 |      12 |   7.3
            +---------+---------+-------+---------+---------+-------
        D:1 |      34 |       0 |   0.0 |      19 |       0 |   0.0
        D:2 |      61 |       0 |   0.0 |      30 |       0 |   0.0
        D:3 |      88 |     400 |  82.0 |      22 |       4 |  15.4
        D:4 |     256 |       0 |   0.0 |      16 |       0 |   0.0
        D:5 |     363 |      94 |  20.6 |      12 |       1 |   7.7
        D:6 |     635 |      13 |   2.0 |      14 |       1 |   6.7
        D:7 |    1274 |     663 |  34.2 |      20 |       2 |   9.1
        D:8 |    1545 |       8 |   0.5 |      19 |       4 |  17.4
        D:9 |     302 |       0 |   0.0 |       1 |       0 |   0.0
            +---------+---------+-------+---------+---------+-------
